 Dungeon Crawl Stone Soup version 0.18.1-50-g88ac8fd (webtiles) character file.

118593 nikopol the Severer (level 16, -6/146 HPs)
             Began as a Minotaur Berserker on Oct 6, 2016.
             Was the Champion of Trog.
             Mangled by a rakshasa
             ... wielding a +0 trident
              (11 damage)
             ... on level 2 of the Abyss on Oct 8, 2016.
             The game lasted 01:37:00 (28962 turns).

nikopol the Severer (Minotaur Berserker)           Turns: 28962, Time: 01:37:01

Health: -6/146     AC: 23    Str: 24    XL:     16   Next: 25%
Magic:  24/24      EV: 17    Int:  4    God:    Trog [******]
Gold:   1501       SH:  0    Dex: 18    Spells: 0 memorised, 15 levels left

rFire  x . .     SeeInvis +     a - +9 battleaxe of Vyuleim {chop, rPois MR+ Dex+3 SInv}
rCold  + . .     Gourm    .     q - +3 chain mail
rNeg   . . .     Faith    .     (shield currently unavailable)
rPois  +         Spirit   .     U - +2 hat
rElec  .         Dismiss  .     y - +1 cloak
rCorr  .         Reflect  .     (no gloves)
SustAt +         Harm     .     H - +1 pair of boots
MR     ++...                    (no amulet)
Stlth  ..........               J - ring of Yredelemnul's Delight {Ice MP+9 Slay+4}
                                h - ring of sustain attributes

@: non-regenerating, mildly diseased, very resistant to hostile enchantments,
extremely unstealthy
A: retaliatory headbutt, horns 2
a: Berserk, Trog's Hand, Brothers in Arms, Burn Spellbooks, Renounce Religion


You were on level 2 of the Abyss.
You worshipped Trog.
Trog was exalted by your worship.
You were very hungry.

You visited 3 branches of the dungeon, and saw 24 of its levels.
You visited the Abyss 1 time.

You collected 2554 gold pieces.
You spent 1053 gold pieces at shops.

Inventory:

Hand Weapons
 a - the +9 battleaxe of Vyuleim (weapon) {chop, rPois MR+ Dex+3 SInv}
   (You bought it in a shop on level 2 of the Orcish Mines)

   It inflicts extra damage upon your enemies.
   It affects your dexterity (+3).
   It protects you from poison.
   It affects your resistance to hostile enchantments.
   It lets you see invisible.
 b - a +4 longbow of evasion
 z - a +4 shortbow of evasion
 C - a +8 battleaxe of draining
 M - a +4 antimagic battleaxe
 V - the +8 war axe "Olamerer" {holy, rN+ Dex+2}
   (You bought it in a shop on level 8 of the Dungeon)

   It has been blessed by the Shining One to cause great damage to the undead
   and demons.
   It affects your dexterity (+2).
   It protects you from negative energy.
Missiles
 o - 426 arrows (quivered)
Armour
 q - a +3 chain mail (worn)
 y - a +1 cloak (worn)
 H - a +1 pair of boots (worn)
 U - a +2 hat (worn)
Jewellery
 h - a ring of sustain attributes (left hand)
 B - an uncursed ring of resist corrosion
 J - the ring of Yredelemnul's Delight (right hand) {Ice MP+9 Slay+4}
   (You found it on level 13 of the Dungeon)

   [ring of ice]

   It enhances your ice magic, and weakens your fire magic.
   It affects your accuracy and damage with ranged weapons and melee attacks
   (+4).
   It makes you vulnerable to fire.
   It protects you from cold.
   It affects your magic capacity (+9).
 N - a +2 ring of dexterity
Wands
 w - a wand of disintegration (15/24)
Scrolls
 d - 4 scrolls of magic mapping
 f - 5 scrolls of remove curse
 k - 5 scrolls of noise {unknown}
 m - a scroll of brand weapon {unknown}
 n - 5 scrolls of fear {unknown}
 p - 3 scrolls of fog {unknown}
 v - 7 scrolls of teleportation {unknown}
 A - 9 scrolls of enchant armour
 E - 3 scrolls of recharging {unknown}
 F - 5 scrolls of immolation {unknown}
 G - 4 scrolls of amnesia {unknown}
 P - a scroll of blinking {unknown}
 Q - a scroll of identify
 S - 5 scrolls of enchant weapon
Potions
 e - 3 potions of invisibility
 j - 10 potions of curing
 l - 3 potions of berserk rage
 s - 3 potions of agility
 t - a potion of cancellation
 u - 3 potions of ambrosia
 x - 2 potions of haste
 I - a potion of mutation
 K - a potion of experience
 L - 3 potions of heal wounds
 O - 5 potions of flight
 T - 6 potions of might
 W - 5 potions of brilliance
 X - 2 potions of resistance
 Z - a potion of magic
Books
 R - a book of Ice

   Spells                             Type                      Level
   a - Ice Form                       Ice/Transmutation            4
   b - Metabolic Englaciation         Hexes/Ice                    5
   c - Ozocubu's Refrigeration        Ice                          6
   d - Bolt of Cold                   Conjuration/Ice              6
   e - Freezing Cloud                 Conjuration/Ice/Air          6
   f - Simulacrum                     Ice/Necromancy               6
   Trog disapproves of the use of such an item.
Comestibles
 c - 10 bread rations
 g - 7 slices of pizza
 i - 11 meat rations
 r - 43 fruits


   Skills:
 + Level 14.0 Fighting
 * Level 18.0 Axes
 * Level 15.8 Bows
 + Level 13.9 Armour
 + Level 12.8 Dodging


You had 15 spell levels left.
You didn't know any spells.

Dungeon Overview and Level Annotations

Branches:
Dungeon (14/15)            Temple (0/1) D:7            Lair (8/8) D:11
  Swamp (0/4) Lair:5        Snake (0/4) Lair:5        Slime (0/6) Lair:6
    Orc (2/2) D:11            Elf (0/3) Orc:2        Vaults (0/5) D:13

Altars:
Ashenzari
Cheibriados
Fedhas
Gozag
Kikubaaqudgha
Okawaru
Qazlal
Vehumet
Jiyva

Shops:
D:8 (   D:10 !*[?   D:12 :}=   D:14 (   Orc:2 ((((?

Annotations:
D:14 Louise


Innate Abilities, Weirdness & Mutations

You reflexively headbutt those who attack you in melee.
You have a pair of horns on your head.


Message History

The rakshasa is almost dead.
The rakshasa blinks!
The rakshasa gestures at you. The orb of energy hits you!
* * * LOW HITPOINT WARNING * * *
The orb of energy explodes!
The rakshasa hits you but does no damage.
The rakshasa blinks!
The rakshasa blinks!
You are too injured to fight recklessly!
You are too injured to fight recklessly!
The rakshasa hits you but does no damage.
The rakshasa hits you from afar with a trident!
* * * LOW HITPOINT WARNING * * *
You barely miss the rakshasa. You headbutt the rakshasa!
You kill the rakshasa!
The rakshasa misses you. The rakshasa barely misses you.
The rakshasa blinks!
The rakshasa hits you from afar with a trident!
You die...

# . .# ...... ..
..#...##.#..X # .#..
...#......#.#..#... ..#.
...#............ .> . .
........................
................( .. . .
..........R.....(..( . #
................##..(...
.......@.....(..#### . .
......ยง..###(...# # (.
........R..(#...# #. (.
..................# ..
...........##....##
.....!....## ...
....#.....# #. ##
....#...... ###
..##.#...##.


You could see 2 rakshasas.

Vanquished Creatures
  A lich (Abyss:2)
  An Executioner (Abyss:2)
  5 tentacled starspawn (Abyss:2)
  Maud (Lair:4)
  A very ugly thing (Abyss:2)
  Josephine (Orc:1)
  Erolcha (D:8)
  7 hydras
  Harold (D:10)
  3 catoblepae (Lair:8)
  28 death yaks
  2 dancing weapons (D:13)
  2 tengu warriors (D:13)
  3 orc high priests (Orc:2)
  3 thrashing horrors (Abyss:2)
  Sonja (Lair:4)
  The ghost of nikopol the Cleaver, a novice MiBe of Trog (D:7)
  2 wretched stars (Abyss:2)
  4 skeletal warriors (D:11)
  2 unseen horrors
  A spatial maelstrom (Abyss:2)
  3 large abominations (Abyss:2)
  5 starcursed masses (Abyss:2)
  5 orc knights (Orc:2)
  3 hill giants
  3 orc sorcerers (Orc:2)
  3 ugly things
  An oklob plant (D:11)
  5 cyclopes
  2 worldbinders (Abyss:2)
  Joseph (D:8)
  An apocalypse crab (Abyss:2)
  7 black mambas
  5 spiny frogs
  3 smoke demons (Abyss:2)
  2 orange demons (Abyss:2)
  A gargoyle (D:11)
  A spiny frog (shapeshifter) (D:13)
  A freezing wraith (D:14)
  14 komodo dragons
  A rime drake (Lair:5)
  A silent spectre (Abyss:2)
  4 ancient zymes (Abyss:2)
  10 trolls
  5 tengu conjurers
  3 two-headed ogres
  2 polar bears (Lair:8)
  An ettin zombie (Abyss:2)
  13 blink frogs
  6 slime creatures (D:13)
  A boulder beetle (Lair:8)
  9 raiju (Abyss:2)
  A shadow (Abyss:2)
  3 wraiths
  6 wyverns
  3 ynoxinuls (Abyss:2)
  Eustachio (D:5)
  9 small abominations (Abyss:2)
  A basilisk (Lair:3)
  51 yaks
  A hungry ghost (Abyss:2)
  2 neqoxecs (Abyss:2)
  A chaos spawn (Abyss:2)
  4 vampire mosquitoes
  12 hippogriffs
  A warg (Orc:2)
  A spatial vortex (Abyss:2)
  A soldier ant (D:12)
  12 water moccasins
  18 porcupines
  2 black bears
  3 ice beasts
  25 orc warriors
  2 eyes of draining
  A wasp (D:10)
  A necrophage (D:10)
  2 sky beasts (D:12)
  2 phantoms
  8 ogres
  38 wolves
  A boggart (shapeshifter) (Abyss:2)
  12 centaurs
  The ghost of feelmyfire the Skirmisher, an amateur GrFi (D:3)
  17 crocodiles
  4 big kobolds
  14 giant frogs
  A wyvern zombie (D:11)
  2 scorpions
  7 killer bees
  22 wights
  An electric eel (Lair:6)
  5 howler monkeys
  3 centaur zombies
  A giant frog zombie (D:8)
  7 crimson imps
  2 quasits
  5 jellies
  4 hounds
  30 orc wizards
  2 giant frog skeletons
  14 orc priests
  4 centaur skeletons
  A gnoll shaman (D:5)
  8 iguanas
  5 worker ants
  26 sheep
  A hound zombie (D:11)
  2 hound skeletons
  A mummy (D:8)
  Robin (D:3)
  A howler monkey skeleton (D:4)
  A worker ant zombie (D:8)
  13 adders
  4 gnolls (D:5)
  62 river rats
  3 shadow imps (D:6)
  2 ufetubi (Abyss:2)
  An adder skeleton (D:4)
  7 worms
  4 dart slugs
  6 giant geckos
  92 orcs
  4 giant cockroaches
  12 goblins
  9 hobgoblins
  3 jackals (D:5)
  42 kobolds
  A quokka (D:11)
  3 ball pythons
  9 bats
  12 giant newts
  3 quokka skeletons
  20 rats
  3 fungi
  24 plants
  4 starspawn tentacles (Abyss:2)
954 creatures vanquished.

Vanquished Creatures (others)
  A wraith (Orc:1)
  A ynoxinul (Abyss:2)
  A hippogriff (D:10)
  A crocodile (Lair:8)
  A small abomination (Abyss:2)
  A bush (Lair:8)
  11 fungi
  15 plants
  9 starspawn tentacles (Abyss:2)
  119 starspawn tentacle segments (Abyss:2)
160 creatures vanquished.

Grand Total: 1114 creatures vanquished

Notes
Turn   | Place    | Note
--------------------------------------------------------------
     0 | D:1      | nikopol the Minotaur Berserker began the quest for the Orb.
     0 | D:1      | Reached XP level 1. HP: 19/19 MP: 0/0
   346 | D:1      | Reached XP level 2. HP: 26/27 MP: 1/1
   531 | D:1      | Reached ** piety under Trog
   538 | D:1      | Reached skill level 4 in Axes
   813 | D:1      | Reached XP level 3. HP: 31/33 MP: 2/2
  1428 | D:2      | Reached XP level 4. HP: 40/40 MP: 3/3
  1913 | D:2      | Reached *** piety under Trog
  2240 | D:3      | Noticed Robin
  2248 | D:3      | Killed Robin
  2323 | D:3      | Found a blossoming altar of Fedhas.
  2328 | D:3      | Reached XP level 5. HP: 47/47 MP: 4/4
  2647 | D:3      | Noticed an air elemental
  2649 | D:3      | Found a stormy altar of Qazlal.
  2650 | D:3      | Noticed a fire elemental
  2650 | D:3      | Noticed a water elemental
  2650 | D:3      | Noticed feelmyfire's ghost (amateur GrFi)
  2661 | D:3      | Killed feelmyfire's ghost
  2661 | D:3      | Reached skill level 5 in Fighting
  3032 | D:4      | Reached **** piety under Trog
  3032 | D:4      | Reached XP level 6. HP: 56/56 MP: 5/5
  3039 | D:4      | Reached skill level 5 in Axes
  3085 | D:4      | Found an ancient bone altar of Kikubaaqudgha.
  3846 | D:5      | Entered Level 5 of the Dungeon
  3915 | D:5      | Noticed Eustachio
  3932 | D:5      | Killed Eustachio
  3932 | D:5      | Reached XP level 7. HP: 39/63 MP: 6/6
  3934 | D:5      | Reached skill level 5 in Armour
  4235 | D:5      | Reached skill level 5 in Dodging
  4312 | D:5      | Reached skill level 6 in Axes
  4549 | D:5      | Found a shattered altar of Ashenzari.
  4608 | D:5      | Reached ***** piety under Trog
  4802 | D:5      | Reached XP level 8. HP: 71/71 MP: 7/7
  5263 | D:6      | Received a gift from Trog
  5263 | D:6      | Reached skill level 7 in Axes
  5263 | D:6      | Reached skill level 1 in Bows
  5421 | D:6      | Found an ancient bone altar of Kikubaaqudgha.
  5500 | D:6      | Found an iron altar of Okawaru.
  5773 | D:6      | Found an opulent altar of Gozag.
  5903 | D:7      | Noticed nikopol's ghost (novice MiBe)
  5921 | D:7      | Killed nikopol's ghost
  5921 | D:7      | Reached skill level 8 in Axes
  5921 | D:7      | Reached XP level 9. HP: 53/79 MP: 8/8
  6645 | D:7      | Found a staircase to the Ecumenical Temple.
  7092 | D:8      | Noticed Joseph
  7120 | D:8      | Killed Joseph
  7120 | D:8      | Reached skill level 9 in Axes
  7120 | D:8      | Reached skill level 5 in Bows
  7526 | D:8      | Reached XP level 10. HP: 26/90 MP: 9/9
  7965 | D:8      | Found Yjuthrom's Antique Weapon Shoppe.
  7990 | D:8      | Bought a dazzling war axe for 221 gold pieces
  8005 | D:8      | Identified the +8 war axe "Olamerer" {holy, rN+ Dex+2} (You bought it in a shop on level 8 of the Dungeon)
  8048 | D:8      | Reached skill level 10 in Axes
  8107 | D:8      | Found a snail-covered altar of Cheibriados.
  8134 | D:8      | Noticed Erolcha
  8140 | D:8      | Killed Erolcha
  8651 | D:9      | Received a gift from Trog
  8789 | D:9      | Found a radiant altar of Vehumet.
  9366 | D:10     | Entered Level 10 of the Dungeon
  9368 | D:10     | Noticed a hill giant
  9379 | D:10     | Killed a hill giant
  9379 | D:10     | Reached skill level 11 in Axes
  9379 | D:10     | Reached XP level 11. HP: 72/97 MP: 10/10
  9380 | D:10     | Found Poepteomoe's Magic Scroll Boutique.
  9507 | D:10     | Found Coucval's Antique Armour Boutique.
  9548 | D:10     | Found Cahim's General Store.
  9554 | D:10     | Bought a scroll of enchant armour for 105 gold pieces
  9731 | D:10     | Noticed Harold
  9749 | D:10     | Killed Harold
  9906 | D:10     | Found Qaogoekh's Distillery.
  9936 | D:10     | Killed an unseen horror
 10317 | D:10     | Reached ****** piety under Trog
 10376 | D:10     | Reached skill level 10 in Fighting
 10539 | D:10     | Paralysed by a wasp for 2 turns
 10619 | D:11     | Received a gift from Trog
 10710 | D:11     | Found a staircase to the Lair.
 10712 | D:11     | Noticed an oklob plant
 10739 | D:11     | Noticed a cyan ugly thing
 11209 | D:11     | Found a staircase to the Orcish Mines.
 11231 | D:11     | Noticed a red ugly thing
 11242 | D:11     | Killed a red ugly thing
 11356 | D:11     | Received a gift from Trog
 11403 | D:11     | Noticed a skeletal warrior
 11403 | D:11     | Noticed a skeletal warrior
 11404 | D:11     | Noticed a skeletal warrior
 11405 | D:11     | Noticed a skeletal warrior
 11411 | D:11     | Killed a skeletal warrior
 11411 | D:11     | Reached skill level 12 in Axes
 11418 | D:11     | Killed a skeletal warrior
 11419 | D:11     | Killed a skeletal warrior
 11426 | D:11     | Killed a skeletal warrior
 11961 | D:11     | Killed a cyan ugly thing
 11961 | D:11     | Reached skill level 10 in Bows
 11961 | D:11     | Reached skill level 10 in Armour
 11961 | D:11     | Reached XP level 12. HP: 86/107 MP: 11/11
 12673 | Lair:1   | Entered Level 1 of the Lair of Beasts
 12745 | Lair:1   | Noticed a four-headed hydra
 12757 | Lair:1   | Killed a six-headed hydra
 12758 | Lair:1   | Reached skill level 13 in Axes
 13132 | Lair:1   | Noticed an eight-headed hydra
 13144 | Lair:1   | Killed a 12-headed hydra
 13525 | Lair:1   | Reached skill level 10 in Dodging
 13712 | Lair:1   | Received a gift from Trog
 14298 | Lair:2   | Received a gift from Trog
 15078 | Lair:3   | Received a gift from Trog
 15080 | Lair:3   | Reached XP level 13. HP: 116/116 MP: 12/12
 15769 | Lair:4   | Noticed Sonja
 15787 | Lair:4   | Reached skill level 14 in Axes
 15924 | Lair:4   | Got a spiked chain mail
 15935 | Lair:4   | Identified the +1 chain mail "Pobor" {rElec Str+3 Int+2 Dex-2} (You found it on level 4 of the Lair of Beasts)
 16006 | Lair:4   | Noticed Maud
 16029 | Lair:4   | Killed Maud
 16049 | Lair:4   | Killed Sonja
 16823 | Lair:5   | Found a staircase to the Swamp.
 17561 | Lair:5   | Received a gift from Trog
 17596 | Lair:5   | Found a staircase to the Snake Pit.
 18338 | Lair:6   | Received a gift from Trog
 18408 | Lair:6   | Reached skill level 15 in Axes
 18422 | Lair:6   | Reached XP level 14. HP: 126/126 MP: 13/13
 18691 | Lair:6   | Found a viscous altar of Jiyva.
 18693 | Lair:6   | Found a staircase to the Slime Pits.
 18998 | Lair:6   | Received a gift from Trog
 19535 | Lair:7   | Received a gift from Trog
 19959 | Lair:7   | Received a gift from Trog
 20421 | Lair:8   | Entered Level 8 of the Lair of Beasts
 21003 | Lair:8   | Reached skill level 16 in Axes
 21012 | Lair:8   | Received a gift from Trog
 22738 | Orc:1    | Entered Level 1 of the Orcish Mines
 23009 | Orc:2    | Entered Level 2 of the Orcish Mines
 23378 | Orc:2    | Received a gift from Trog
 23378 | Orc:2    | Reached XP level 15. HP: 135/135 MP: 14/14
 23890 | Orc:2    | Found Nuokum Ewken's Magic Scroll Shoppe.
 23890 | Orc:2    | Found Mikhap's Antique Weapon Shop.
 23894 | Orc:2    | Found Hiphass's Antique Weapon Shoppe.
 23894 | Orc:2    | Found Hompuel's Weapon Shop.
 23904 | Orc:2    | Bought 3 scrolls of enchant weapon for 247 gold pieces
 24000 | Orc:1    | Noticed Josephine
 24007 | Orc:1    | Received a gift from Trog
 24020 | Orc:1    | Killed Josephine
 24033 | Orc:1    | Received a gift from Trog
 24554 | Orc:2    | Found a staircase to the Elven Halls.
 24694 | Orc:2    | Found Weitudey's Antique Weapon Shop.
 24711 | Orc:2    | Bought a slimy battleaxe for 414 gold pieces
 24909 | Orc:2    | Identified the +9 battleaxe of Vyuleim {chop, rPois MR+ Dex+3 SInv} (You bought it in a shop on level 2 of the Orcish Mines)
 25164 | D:12     | Found Poiker's Jewellery Shoppe.
 25331 | D:12     | Found Lagg's Book Shoppe.
 25947 | Orc:2    | Bought a scroll of identify for 22 gold pieces
 25947 | Orc:2    | Bought a scroll of identify for 22 gold pieces
 25947 | Orc:2    | Bought a scroll of identify for 22 gold pieces
 26412 | D:12     | Found Nuvegrum's Gadget Shop.
 26573 | D:13     | Got a clouded lapis lazuli ring
 26576 | D:13     | Identified the ring of Yredelemnul's Delight {Ice MP+9 Slay+4} (You found it on level 13 of the Dungeon)
 26741 | D:13     | Reached skill level 17 in Axes
 26835 | D:13     | Found a gate to the Vaults.
 26933 | D:13     | Received a gift from Trog
 27295 | D:13     | Reached skill level 15 in Bows
 27778 | D:14     | Found Deicusuh's Antique Weapon Emporium.
 27944 | D:14     | Noticed Louise
 27949 | D:14     | Cast into level 2 of the Abyss (Louise)
 28166 | Abyss:2  | Noticed an Executioner
 28172 | Abyss:2  | Killed an Executioner
 28176 | Abyss:2  | Noticed a tentacled starspawn
 28357 | Abyss:2  | Noticed a tentacled starspawn
 28369 | Abyss:2  | Noticed a tentacled starspawn
 28370 | Abyss:2  | Killed a tentacled starspawn
 28378 | Abyss:2  | Killed a tentacled starspawn
 28385 | Abyss:2  | Found a corrupted altar of Lugonu.
 28434 | Abyss:2  | Received a gift from Trog
 28440 | Abyss:2  | Noticed a tentacled starspawn
 28442 | Abyss:2  | Killed a tentacled starspawn
 28444 | Abyss:2  | Noticed a lich
 28453 | Abyss:2  | HP: 3/137 [lich/bolt of lightning (25)]
 28454 | Abyss:2  | Killed a lich
 28454 | Abyss:2  | Reached XP level 16. HP: 3/145 MP: 15/15
 28597 | Abyss:2  | Noticed a tentacled starspawn
 28608 | Abyss:2  | Killed a tentacled starspawn
 28685 | Abyss:2  | Noticed a tentacled starspawn
 28702 | Abyss:2  | Killed a tentacled starspawn
 28712 | Abyss:2  | Found a corrupted altar of Lugonu.
 28857 | Abyss:2  | Reached skill level 18 in Axes
 28960 | Abyss:2  | HP: 5/146 [rakshasa (illusionary)/trident (12)]
 28962 | Abyss:2  | Mangled by a rakshasa

Skill      XL: |  1  2  3  4  5  6  7  8  9 10 11 12 13 14 15 16 |
---------------+-------------------------------------------------+-----
Axes           | 4 5 6 8 9 11 12 13 15 16 17 18 | 18.0
Dodging        | 3 4 5 6 7 8 9 10 11 12 | 12.8
Armour         | 3 4 5 6 7 8 10 11 12 13 | 13.9
Fighting       | 4 5 6 7 8 9 10 11 12 13 14 | 14.0
Bows           | 3 5 8 10 11 13 14 15 | 15.8

Action                   |  1- 3 |  4- 6 |  7- 9 | 10-12 | 13-15 | 16-18 || total
-------------------------+-------+-------+-------+-------+-------+-------++-------
Melee: Hand axe          |    96 |   159 |   176 |       |       |       ||   431
       Headbutt          |    12 |    34 |   123 |    89 |   214 |    15 ||   487
       War axe           |       |       |   214 |   338 |   734 |    60 ||  1346
       Battleaxe         |       |       |    32 |    11 |     1 |    29 ||    73
       Shortbow          |       |       |       |       |     1 |       ||     1
 Fire: Shortbow          |       |       |    74 |   220 |   668 |    81 ||  1043
       Longbow           |       |       |       |   177 |   213 |       ||   390
Invok: Berserk           |       |     2 |     3 |     3 |     8 |       ||    16
       Burn Spellbooks   |       |       |       |       |     3 |       ||     3
       Trog's Hand       |       |       |       |       |     1 |     1 ||     2
  Use: Scroll            |       |       |       |    12 |     9 |       ||    21
       Potion            |       |       |       |       |     1 |       ||     1
 Stab: Sleeping          |       |       |       |     2 |       |       ||     2
       Distracted        |       |       |       |     1 |       |       ||     1
       Petrifying        |       |       |       |       |     5 |       ||     5
       Petrified         |       |       |       |       |     2 |       ||     2
  Eat: Chunk             |     2 |     7 |    15 |    25 |    47 |       ||    96
       Beef jerky        |       |     1 |     1 |     1 |     1 |     1 ||     5
Armor: Animal skin       |    10 |       |       |       |       |       ||    10
       Scale mail        |    15 |    75 |   111 |    34 |       |       ||   235
       Ring mail         |       |       |       |    55 |       |       ||    55
       Chain mail        |       |       |       |    75 |   347 |    43 ||   465
Dodge: Dodged            |    53 |    86 |   178 |   314 |   528 |    62 ||  1221
